 Dungeon Crawl Stone Soup version 0.31.0-32-g396128a36d (webtiles) character file.

Game seed: 10389006169528503852

109 PaiMei the Grave Robber (level 4, -2/32 HPs)
             Began as a Demonspawn Necromancer on Apr 23, 2024.
             Slain by a kobold brigand
             ... wielding a +0 short sword
              (9 damage)
             ... in a sewer.
             The game lasted 00:03:37 (2892 turns).

PaiMei the Grave Robber (Demonspawn Necromancer)    Turns: 2892, Time: 00:03:37

Health: -2/32      AC:  5    Str:  9    XL:     4   Next: 60%
Magic:  3/8        EV: 13    Int: 17    God:
Gold:   89         SH:  0    Dex: 19    Spells: 7/8 levels left

rFire   . . .        l - +0 mace
rCold   . . .        (no shield)
rNeg    . . .        a - +0 robe
rPois   .            (no helmet)
rElec   .            h - +0 cloak
rCorr   .            (no gloves)
SInv    .            (no boots)
Will    .....        (no amulet)
Stlth   ++           j - +6 ring of dexterity
HPRegen 0.25/turn    (no ring)
MPRegen 0.22/turn

%: no passive effects
@: lethally poisoned (-2 -> -3), slowed, very slow
A: icy blue scales 1, magic regeneration
a: no special abilities


You were in a sewer.
You visited 1 branch of the dungeon, and saw 3 of its levels.
You also visited: Sewer.

You collected 89 gold pieces.

Inventory:

Hand Weapons
 c - a +0 club
 l - a +0 mace (weapon)
Armour
 a - a +0 robe (worn)
 h - a +0 cloak (worn)
Jewellery
 j - a +6 ring of dexterity (left hand)
Scrolls
 d - 2 scrolls of identify {unknown}
 e - 2 scrolls of fog {unknown}
 f - a scroll of silence {unknown}
 m - 2 scrolls of teleportation {unknown}
 o - a scroll of revelation {unknown}
Potions
 b - a potion of magic
 g - a potion of degeneration {unknown}
 i - a potion of berserk rage {unknown}
 k - 2 potions of heal wounds {unknown}
 n - a potion of invisibility {unknown}


   Skills:
 + Level 1.6 Fighting
 + Level 2.7 Dodging
 - Level 2.0 Stealth
 + Level 2.7 Spellcasting
 + Level 5.0 Necromancy


You had 7 spell levels left.
You knew the following spells:

 Your Spells              Type           Power      Damage    Failure   Level
a - Necrotise             Necr           76%        1d7       2%          1

Your spell library contained the following spells:

 Spells                   Type           Power      Damage    Failure   Level
 Vampiric Draining        Necr           19%        2d7       7%          3
 Slow                     Hex            8%         N/A       19%         1
 Animate Dead             Necr           19%        N/A       22%         4
 Confusing Touch          Hex            2%         N/A       47%         3
 Sigil of Binding         Hex            2%         N/A       47%         3
 Curse of Agony           Necr           19%        N/A       52%         5


Dungeon Overview and Level Annotations

Branches:
Dungeon (3/15)              Sewer (1/1)

Altars:

Shops:
D:2 =


Innate Abilities, Weirdness & Mutations

You are partially covered in icy blue scales. (AC +2)
You regenerate magic rapidly.


Message History

The curare-tipped dart hits you.
You are poisoned.
You have difficulty breathing.
You feel yourself slow down.
Casting: Necrotise (safe; 2% risk of failure)
Confirm with . or Enter, or press ? or * to list all spells.
Aiming: Necrotise (safe; 2% risk of failure)
Press: ? - help, Shift-Dir - straight line, f/p - kobold brigand
Aim: a kobold brigand, wielding a +0 short sword and quivering curare-tipped darts (moderately wounded, chance to affect: 78%)
The kobold brigand barely resists.
You feel very sick.
Casting: Necrotise (safe; 2% risk of failure)
Confirm with . or Enter, or press ? or * to list all spells.
Aiming: Necrotise (safe; 2% risk of failure)
Press: ? - help, Shift-Dir - straight line, f/p - kobold brigand
Aim: a kobold brigand, wielding a +0 short sword and quivering curare-tipped darts (moderately wounded, chance to affect: 78%)
The kobold brigand barely resists.
You feel very sick.
Casting: Necrotise (safe; 2% risk of failure)
Confirm with . or Enter, or press ? or * to list all spells.
Aiming: Necrotise (safe; 2% risk of failure)
Press: ? - help, Shift-Dir - straight line, f/p - kobold brigand
Aim: a kobold brigand, wielding a +0 short sword and quivering curare-tipped darts (moderately wounded, chance to affect: 78%)
The kobold brigand writhes in agony.
You feel sick.
Casting: Necrotise (safe; 2% risk of failure)
Confirm with . or Enter, or press ? or * to list all spells.
Aiming: Necrotise (safe; 2% risk of failure)
Press: ? - help, Shift-Dir - straight line, f/p - kobold brigand
Aim: a kobold brigand, wielding a +0 short sword and quivering curare-tipped darts (moderately wounded, chance to affect: 78%)
The kobold brigand barely resists.
You feel sick.
The kobold brigand splashes around in the water.
Casting: Necrotise (safe; 2% risk of failure)
Confirm with . or Enter, or press ? or * to list all spells.
Aiming: Necrotise (safe; 2% risk of failure)
Press: ? - help, Shift-Dir - straight line, f/p - kobold brigand
Aim: a kobold brigand, wielding a +0 short sword and quivering curare-tipped darts (moderately wounded, chance to affect: 78%)
The kobold brigand writhes in agony!
You feel sick.
The kobold brigand hits you with a +0 short sword!
* * * LOW HITPOINT WARNING * * *
The kobold brigand hits you with a +0 short sword!
You die...

.r ~. ~# ~# ~#
##~## . ##~~.##
..~~####@∩.~~###
~.~†~~wK..∩.~≈≈≈≈
.~..####~..~~####
. ##.~.## ##≈##
≈# ≈# ≈#


You could see a kobold brigand and a ribbon worm.

Vanquished Creatures
  2 gnolls
  An adder (D:3)
  3 ribbon worms
  3 orcs (D:3)
  3 endoplasms
  3 giant cockroaches
  5 goblins
  5 hobgoblins
  3 quokkas
  5 ball pythons
  5 bats
  2 frilled lizards
  7 kobolds
  6 rats
53 creatures vanquished.

Vanquished Creatures (collateral kills)
  A gnoll (D:2)
  A dart slug (D:1)
  An orc (D:3)
  A hobgoblin (D:1)
  A ball python (Sewer)
  A frilled lizard (D:1)
6 creatures vanquished.

Grand Total: 59 creatures vanquished

Notes
Turn   | Place    | Note
-------+----------+-------------------------------------------
     0 | D:1      | PaiMei the Demonspawn Necromancer began the quest for the
                  | Orb.
     0 | D:1      | Reached XP level 1. HP: 13/13 MP: 3/3
   248 | D:1      | Found a faded altar of an unknown god.
   333 | D:1      | Gained mutation: You are partially covered in icy blue
                  | scales. (AC +2) [demonic ancestry]
   333 | D:1      | Reached XP level 2. HP: 19/19 MP: 0/5
  1401 | D:2      | Gained mutation: You regenerate magic rapidly. [demonic
                  | ancestry]
  1401 | D:2      | Reached XP level 3. HP: 25/25 MP: 4/6
  1701 | D:2      | Reached skill level 1 in Fighting
  1856 | D:2      | Found Japsuf's Jewellery Boutique.
  2186 | D:2      | Reached XP level 4. HP: 28/32 MP: 0/7
  2667 | D:3      | Reached skill level 5 in Necromancy
  2874 | D:3      | Found a glowing drain.
  2878 | Sewer    | Entered a sewer
  2880 | Sewer    | Noticed a kobold brigand
  2892 | Sewer    | Slain by a kobold brigand

Illustrated notes

Levels and vault maps discovered:
D:1:      dpeg_arrival_tiny_c, layout_loops_ring, shapermc_ecumenical_altar_gd,
          corexii_hall_statues_u, minmay_surrounded
D:2:      layout_loops_ring, serial_shops, nicolae_shop_hallway_stairs,
          basic_altar, kennysheep_doodads, st_stairs_13
D:3:      layout_loops_corners, gup_sewer_entry_spiral
Sewer:    sewer_co_15_rooms

Skill      XL: |  1  2  3  4 |
---------------+-------------+-----
Dodging        | 2 |  2.7
Stealth        | 2 |  2.0
Fighting       | 1 |  1.6
Necromancy     | 5 |  5.0
Spellcasting   | |  2.7

Action                     |  1- 3 |  4- 6 || total
---------------------------+-------+-------++-------
  Melee: Club              |    18 |       ||    18
         Mace              |     8 |     2 ||    10
   Cast: Necrotise         |    74 |    50 ||   124
 Armour: Robe              |    25 |    12 ||    37
  Dodge: Dodged            |    40 |    12 ||    52
